 Dungeon Crawl Stone Soup version 0.26-a0-466-g989023bd0d (webtiles) character file.

Game seed: 16429987874361489923

581 wyinc the Chopper (level 7, -12/62 HPs)
             Began as a Minotaur Berserker on Aug 12, 2020.
             Was a Priest of Trog.
             Mangled by a slime creature (16 damage)
             ... on level 5 of the Dungeon.
             The game lasted 00:31:18 (4393 turns).

wyinc the Chopper (Minotaur Berserker)              Turns: 4393, Time: 00:31:20

Health: -12/62     AC:  6    Str: 23    XL:     7   Next: 13%
Magic:  6/6        EV:  5    Int:  4    God:    Trog [***...]
Gold:   352        SH: 17    Dex: 10    Spells: 6/6 levels left

rFire    . . .     SeeInvis .   a - +1 hand axe
rCold    . . .     Faith    .   n - +0 tower shield
rNeg     . . .     Spirit   .   y - +1 chain mail
rPois    .         Reflect  +   (helmet restricted)
rElec    .         Harm     .   z - scarf {repulsion}
rCorr    .                      (no gloves)
MR       +....                  (no boots)
Stlth    ..........             t - amulet of reflection
HPRegen  0.20/turn              c - ring of protection from magic
MPRegen  0.10/turn              (no ring)

@: corroded, repel missiles
A: retaliatory headbutt, horns 2
a: Berserk, Trog's Hand, Renounce Religion


You were on level 5 of the Dungeon.
You worshipped Trog.
Trog was most pleased with you.
You visited 1 branch of the dungeon, and saw 5 of its levels.

You collected 352 gold pieces.

Inventory:

Hand Weapons
 a - a +1 hand axe (weapon)
 l - a +0 club
 r - a +10 club
 s - a +0 club
 F - a +0 hand axe
Missiles
 d - 45 bolts
 f - 106 stones (quivered)
 m - 47 sling bullets
 w - 6 boomerangs
Armour
 b - a +0 animal skin
 i - a +0 scale mail
 k - a +0 leather armour
 n - a +0 tower shield (worn)
 o - a +0 ring mail
 y - a +1 chain mail (worn)
 z - a scarf of repulsion (worn)
Jewellery
 c - a ring of protection from magic (left hand)
 t - an amulet of reflection (around neck)
Scrolls
 g - 2 scrolls of teleportation
 p - 3 scrolls of remove curse
 q - a scroll of amnesia
 x - a scroll of random uselessness
 B - 4 scrolls of identify
 C - a scroll of enchant weapon
 E - 2 scrolls of fog
 G - a scroll of enchant armour
Potions
 e - 3 potions of stabbing
 h - 4 potions of degeneration
 j - 3 potions of flight
 u - a potion of cancellation {unknown}
 v - a potion of curing
 A - a potion of lignification
 D - a potion of heal wounds {unknown}


   Skills:
 + Level 5.9 Fighting
 + Level 5.9 Axes
 + Level 5.0 Armour
 + Level 4.5 Dodging


You had 6 spell levels left.
You didn't know any spells.
Your spell library was empty.

Dungeon Overview and Level Annotations

Branches:
Dungeon (5/15)
 Temple: D:4-7

Altars:
Ashenzari
Cheibriados
Nemelex Xobeh


Innate Abilities, Weirdness & Mutations

You reflexively headbutt those who attack you in melee.
You have a pair of horns on your head.


Message History

You are no longer corroded.
You block the slime creature's attack. You block the jelly's attack.
The slime creature barely misses you. You furiously retaliate!
You headbutt the slime creature. You block the slime creature's attack.
Your shield prevents you from hitting the slime creature.
Your headbutt misses the slime creature.
The slime creature is moderately wounded.
You hit the jelly. The acid corrodes you!
Your hands burn!
* * * LOW HITPOINT WARNING * * *
You hit the slime creature. The slime creature hits you!
* * * LOW HITPOINT WARNING * * *
You block the jelly's attack. You block the slime creature's attack.
You hit the jelly.
Your hands burn!
* * * LOW HITPOINT WARNING * * *
The jelly is severely wounded.
You hit the slime creature.
You hit the slime creature but do no damage.
You block the slime creature's attack. The jelly hits you but does no damage.
The slime creature hits you!
You die...

.........#
...P..÷P÷#
÷P..JJ.P÷#
.P..JPJP.#
.J..JJJ..#
#######'##
##.J)J..##
#.########
##..'.JJ@#
####..JJ#
#.......#
#.......#
#.......#
#[......#
##.....##
###########.†.##
........###))'##


You could see 2 slime creatures, a jelly and an ooze.

Vanquished Creatures
  3 big kobolds (D:5)
  A hound (D:4)
  An orc priest (D:4)
  Jessica (D:2)
  A worker ant (D:4)
  2 hound skeletons (D:4)
  Robin (D:2)
  10 adders
  3 oozes
  2 worms
  A dart slug (D:3)
  A leopard gecko (D:4)
  6 orcs
  3 ball pythons
  10 bats
  3 giant cockroaches
  16 goblins
  15 hobgoblins
  6 jackals
  A quokka (D:3)
  3 frilled lizards
  13 kobolds
  11 rats
  A toadstool (D:5)
115 creatures vanquished.

Vanquished Creatures (others)
  2 fungi (D:5)
  8 toadstools (D:5)
10 creatures vanquished.

Grand Total: 125 creatures vanquished

Notes
Turn   | Place    | Note
-------+----------+-------------------------------------------
     0 | D:1      | wyinc the Minotaur Berserker began the quest for the Orb.
     0 | D:1      | Reached XP level 1. HP: 19/19 MP: 0/0
   213 | D:1      | Reached XP level 2. HP: 27/27 MP: 1/1
   778 | D:1      | Reached ** piety under Trog
   818 | D:1      | Found a shattered altar of Ashenzari.
   885 | D:1      | Reached XP level 3. HP: 27/33 MP: 2/2
  1418 | D:2      | Noticed Robin
  1437 | D:2      | Killed Robin
  1481 | D:2      | Reached XP level 4. HP: 33/41 MP: 3/3
  2067 | D:2      | Found a snail-covered altar of Cheibriados.
  2402 | D:2      | Noticed Jessica
  2413 | D:2      | Killed Jessica
  2413 | D:2      | Reached XP level 5. HP: 38/47 MP: 4/4
  3055 | D:3      | Reached *** piety under Trog
  3235 | D:3      | Reached skill level 5 in Fighting
  3250 | D:3      | Reached skill level 5 in Axes
  3698 | D:3      | Found a sparkling altar of Nemelex Xobeh.
  3999 | D:4      | Reached XP level 6. HP: 56/56 MP: 5/5
  4264 | D:5      | Entered Level 5 of the Dungeon
  4296 | D:5      | Reached skill level 5 in Armour
  4296 | D:5      | Reached XP level 7. HP: 53/62 MP: 6/6
  4370 | D:5      | Noticed a slime creature
  4370 | D:5      | Noticed a slime creature
  4393 | D:5      | Mangled by a slime creature

Illustrated notes

Levels and vault maps discovered:
D:1:      dpeg_arrival_subterranean_lakeside_camping, layout_loops_ring,
          serial_rivers, chequers_serial_rivers_small_b,
          chequers_serial_rivers_room_a, chequers_serial_rivers_room_a,
          chequers_serial_rivers_room_a, grunt_decor_one_mirror,
          chequers_mini_garden, ashenzari_altar_1
D:2:      minmay_alternating_diamond, layout_loops_corners, cheibriados_altar_1,
          uniq_jessica, uniq_robin
D:3:      layout_basic, nemelex_dance_club_becter
D:4:      minmay_chambers_of_threes, layout_rooms
D:5:      cheibrodos_fertilizer, layout_basic, kennysheep_generic_room_2,
          uniq_menkaure

Skill      XL: |  1  2  3  4  5  6 |
---------------+-------------------+-----
Axes           | 4 5 |  5.9
Fighting       | 4 5 |  5.9
Armour         | 3 4 5 |  5.0
Dodging        | 3 4 |  4.5

Action                   |  1- 3 |  4- 6 |  7- 9 || total
-------------------------+-------+-------+-------++-------
Melee: Hand axe          |    85 |   178 |     8 ||   271
       Unarmed           |     5 |       |       ||     5
       Headbutt          |    15 |    33 |     2 ||    50
Invok: Berserk           |     1 |     1 |       ||     2
  Use: Scroll            |       |    15 |       ||    15
       Potion            |       |     1 |       ||     1
 Stab: Sleeping          |     1 |       |       ||     1
Armor: Animal skin       |     7 |       |       ||     7
       Scale mail        |    25 |    20 |       ||    45
       Chain mail        |       |    51 |     2 ||    53
Dodge: Dodged            |    28 |    26 |     1 ||    55
Block: Tower shield      |    45 |   182 |    11 ||   238
       Reflection        |       |     3 |       ||     3

Table legend: (Time is in decaauts)
 A = Elapsed time spent in this place.
 B = Non-inter-level travel time spent in this place.
 C = Inter-level travel time spent in this place.
 D = Time resting spent in this place.
 E = Time spent auto-exploring this place.
 F = Levels seen in this place.
 G = Mean time per level.
                   A        B        C        D        E       F      G
               +--------+--------+--------+--------+--------+-----+--------+
         Total |   4470 |   4466 |      4 |      0 |   2468 |   5 |  894.0 |
       Dungeon |   4470 |   4466 |      4 |      0 |   2468 |   5 |  894.0 |
               +--------+--------+--------+--------+--------+-----+--------+

Top non-repeatable levels by time:
     D:1: 1459 daAuts
     D:2: 1413 daAuts
     D:3: 983 daAuts
     D:4: 480 daAuts
     D:5: 133 daAuts
